AoeStats
← kolemy

Nomad

503234562Analyzed
2v2 RM · 1mo ago on Aug 30, 2026· 36m 22s· 4 players
Game mode
Random Map
Map size
176×176
Population
200
Speed
Normal
Resources
Standard
Victory
Conquest
Starting age
Dark Age
Ending age
Imperial Age
RankedLock teamsTeams togetherTeam positionsShared explorationLock speedFull tech treeHidden civsTurbo modeCheats
Victory
Defeat
🇬🇧 Koreans · United Kingdom
651
+12
🇬🇧 Berbers · United Kingdom
613
+14
🇪🇸 Spanish · Spain
603
-15
🇬🇹 Vietnamese · Guatemala
532
-12
Rocinante la valiente
3:31 Loom
15:36 Feudal Age
kolemy
6:30 Loom
6:41 Loom
21:55 Feudal Age
23:43 Wheelbarrow
22:54 Town Watch
23:06 Double-Bit Axe
23:06 Horse Collar
28:26 Fishing Lines
31:34 Castle Age
30:41 Fletching
GreenShell94
10:27 Loom
14:35 Feudal Age
15:58 Wheelbarrow
17:03 Double-Bit Axe
17:48 Fishing Lines
19:27 Gold Mining
19:21 Horse Collar
20:34 Fletching
25:20 Castle Age
26:08 Crossbowman
27:13 Heavy Plow
29:07 Hand Cart
29:06 Bow Saw
29:43 Gold Shaft Mining
31:09 Thumb Ring
32:02 Ballistics
37:28 Imperial Age
LoneRanger1994
7:55 Loom
15:08 Feudal Age
16:13 Horse Collar
21:00 Castle Age
20:04 Double-Bit Axe
21:06 Wheelbarrow
20:46 Forging
20:42 Scale Barding Armor
20:59 Bloodlines
21:42 Light Cavalry
23:47 Husbandry
24:11 Gold Mining
26:59 Chain Barding Armor
27:04 Hand Cart
27:48 Bow Saw
27:39 Fletching
27:50 Padded Archer Armor
30:36 Ballistics
33:50 Bodkin Arrow
34:11 Leather Archer Armor
34:33 Iron Casting
Connection lost

Rejoining the realm…

Still unreachable

The connection could not be restored.

Session expired

The server has moved on; the page needs a fresh start.